 Dungeon Crawl Stone Soup version 0.21.1-1-g345015f (webtiles) character file.

352 johnjohn the Chopper (level 6, -1/57 HPs)
             Began as a Hill Orc Fighter on May 26, 2018.
             Was an Initiate of Fedhas.
             Slain by Agrougrou's ghost (4 damage)
             ... on level 3 of the Dungeon.
             The game lasted 00:12:18 (2811 turns).

johnjohn the Chopper (Hill Orc Fighter)             Turns: 2811, Time: 00:12:19

Health: -1/57      AC: 11    Str: 24    XL:     6   Next: 62%
Magic:  6/6        EV:  4    Int:  8    God:    Fedhas [......]
Gold:   183        SH:  9    Dex: 12    Spells: 5/5 levels left

rFire    + . .     SeeInvis .   a - +0 war axe
rCold    . . .     Gourm    .   c - +0 shield
rNeg     . . .     Faith    .   j - +0 plate armour
rPois    .         Spirit   .   (no helmet)
rElec    .         Reflect  .   (no cloak)
rCorr    .         Harm     .   (no gloves)
MR       .....                  (no boots)
Stlth    ..........             (no amulet)
HPRegen  0.19/turn              y - ring of protection from fire
MPRegen  0.10/turn              (no ring)

@: mighty
A: no striking features
a: Fungal Bloom, Renounce Religion


You were on level 3 of the Dungeon.
You worshipped Fedhas.
Fedhas was noncommittal.
You were not hungry.

You visited 1 branch of the dungeon, and saw 3 of its levels.

You collected 183 gold pieces.

Inventory:

Hand Weapons
 a - a +0 war axe (weapon)
Armour
 b - a +0 scale mail
 c - a +0 shield (worn)
 j - a +0 plate armour (worn)
 k - a +0 robe
Jewellery
 y - a ring of protection from fire (left hand)
Scrolls
 e - 2 scrolls of fog
 i - 2 scrolls of identify
 n - a scroll of teleportation
 r - a scroll of immolation {unknown}
 u - a scroll of noise {unknown}
 v - a scroll of magic mapping {unknown}
 w - 2 scrolls of remove curse {unknown}
 z - a scroll of amnesia {unknown}
Potions
 g - a potion of curing
 h - a potion of agility {unknown}
 l - a potion of mutation {unknown}
 m - a potion of magic {unknown}
 o - a potion of brilliance {unknown}
 p - a potion of lignification {unknown}
 q - a potion of resistance {unknown}
 s - 2 potions of cancellation {unknown}
 x - a potion of heal wounds {unknown}
 A - a potion of haste {unknown}
Comestibles
 f - 3 rations


   Skills:
 + Level 5.7 Fighting
 * Level 7.5 Axes
 - Level 3.2 Armour
 - Level 3.2 Shields


You had 5 spell levels left.
You didn't know any spells.

Dungeon Overview and Level Annotations

Branches:
Dungeon (3/15)

Altars:
Fedhas

Annotations:
D:3 Agrougrou's ghost, amateur MiFi


Message History

Agrougrou's ghost is severely damaged.
Agrougrou's ghost makes a sound of rattling chains.
You block Agrougrou's ghost's attack. Agrougrou's ghost hits you!
* * * LOW HITPOINT WARNING * * *
You slash Agrougrou's ghost!
Agrougrou's ghost is almost destroyed.
You block Agrougrou's ghost's attack.
You hit Agrougrou's ghost.
Agrougrou's ghost is almost destroyed.
Agrougrou's ghost hits you.
* * * LOW HITPOINT WARNING * * *
You barely miss Agrougrou's ghost.
Agrougrou's ghost is almost destroyed.
Agrougrou's ghost hits you.
* * * LOW HITPOINT WARNING * * *
You closely miss Agrougrou's ghost.
Agrougrou's ghost is almost destroyed.
Agrougrou's ghost hits you.
You die...
Fedhas appreciates your contribution to the ecosystem.

###
##.#
..# #.#
#@# #W#
#.# #.#
#.# #.#
......
#.#
.......
#.#
......
#.#
....


You could see Agrougrou's ghost.

Vanquished Creatures
  A hungry ghost (D:3)
  Natasha (D:3)
  2 orc wizards (D:3)
  3 adders
  An adder skeleton (D:2)
  4 worms
  4 dart slugs
  4 leopard geckos
  7 orcs (D:3)
  3 giant cockroaches
  8 goblins
  7 hobgoblins
  8 jackals
  A quokka (D:2)
  A ball python (D:1)
  8 bats
  3 frilled lizards
  9 kobolds
  13 rats
88 creatures vanquished.

Vanquished Creatures (others)
  6 toadstools (D:3)
6 creatures vanquished.

Grand Total: 94 creatures vanquished

Notes
Turn   | Place    | Note
-------+----------+-------------------------------------------
     0 | D:1      | johnjohn the Hill Orc Fighter began the quest for the Orb.
     0 | D:1      | Reached XP level 1. HP: 19/19 MP: 1/1
    35 | D:1      | Reached skill level 3 in Axes
    96 | D:1      | Reached XP level 2. HP: 16/27 MP: 2/2
   438 | D:1      | Reached skill level 4 in Axes
   440 | D:1      | Reached XP level 3. HP: 32/33 MP: 3/3
  1180 | D:2      | Reached skill level 5 in Axes
  1180 | D:2      | Reached XP level 4. HP: 30/41 MP: 4/4
  1957 | D:2      | Found a blossoming altar of Fedhas.
  1977 | D:2      | Became a worshipper of Fedhas Madash
  2252 | D:3      | Reached XP level 5. HP: 40/47 MP: 5/5
  2323 | D:3      | Reached skill level 5 in Fighting
  2323 | D:3      | Reached skill level 6 in Axes
  2385 | D:3      | Noticed a hungry ghost
  2426 | D:3      | Killed a hungry ghost
  2426 | D:3      | Reached skill level 7 in Axes
  2426 | D:3      | Reached XP level 6. HP: 44/56 MP: 6/6
  2564 | D:3      | Noticed Natasha
  2566 | D:3      | Noticed Agrougrou's ghost (amateur MiFi)
  2569 | D:3      | Killed Natasha
  2811 | D:3      | Slain by Agrougrou's ghost

Skill      XL: |  1  2  3  4  5 |
---------------+----------------+-----
Axes           | 3 4 5 7 |  7.5
Fighting       | 4 5 |  5.7
Armour         | |  3.2
Shields        | |  3.2

Action                   |  1- 3 |  4- 6 || total
-------------------------+-------+-------++-------
Melee: War axe           |   141 |   192 ||   333
Invok: Fungal Bloom      |       |     2 ||     2
  Use: Scroll            |       |     2 ||     2
       Potion            |       |     1 ||     1
  Eat: Chunk             |     1 |     5 ||     6
       Ration            |       |     3 ||     3
Armor: Scale mail        |    62 |       ||    62
       Plate armour      |       |   135 ||   135
Dodge: Dodged            |    41 |    29 ||    70
Block: Shield            |    84 |   103 ||   187
